 Dungeon Crawl Stone Soup version 0.25-a0-890-g62861fb195 (webtiles) character file.

Game seed: 14158240541775630161, levelgen mode: deterministic

1101 mortelune the Archer (level 8, 70/70 HPs)
             Began as a Centaur Hunter on May 3, 2020.
             Was an Initiate of Gozag.
             Quit the game on level 6 of the Dungeon.
             The game lasted 00:10:35 (5729 turns).

mortelune the Archer (Centaur Hunter)               Turns: 5729, Time: 00:10:36

Health: 70/70      AC:  5    Str: 17      XL:     8   Next: 10%
Magic:  8/8        EV:  9    Int: 14      God:    Gozag
Gold:   431        SH:  0    Dex:  9 (10) Spells: 7/7 levels left

rFire    . . .     SeeInvis .   a - +1 shortbow
rCold    . . .     Gourm    .   (shield currently unavailable)
rNeg     . . .     Faith    .   c - +0 leather armour
rPois    .         Spirit   .   (no helmet)
rElec    .         Reflect  .   s - +0 cloak
rCorr    .         Harm     .   (no gloves)
MR       +....                  (no barding)
Stlth    +.........             (no amulet)
HPRegen  0.21/turn              M - ring of protection from magic (curse)
MPRegen  0.11/turn              h - +4 ring of intelligence

@: starving, very quick
A: large, hooves 3, deformed body, speed 2, tough skin 3
a: Potion Petition, Call Merchant, Bribe Branch, Renounce Religion


You were on level 6 of the Dungeon.
You worshipped Gozag.
Gozag was aware of your devotion.
You were starving.

You visited 1 branch of the dungeon, and saw 6 of its levels.

You collected 480 gold pieces.
You paid 49 gold pieces to Gozag.

Inventory:

Hand Weapons
 a - a +1 shortbow (weapon)
 b - a +0 spear
 o - a +0 short sword
Missiles
 Q - 78 arrows (quivered)
Armour
 c - a +0 leather armour (worn)
 s - a +0 cloak (worn)
Jewellery
 h - a +4 ring of intelligence (right hand)
 v - an uncursed ring of wizardry {unknown}
 F - an uncursed ring of protection from fire
 M - a cursed ring of protection from magic (left hand)
Wands
 f - a wand of iceblast (8)
 u - a wand of paralysis (8)
Scrolls
 e - 6 scrolls of identify {unknown}
 g - 3 scrolls of enchant weapon {unknown}
 i - 3 scrolls of magic mapping {unknown}
 j - 3 scrolls of immolation {unknown}
 k - 2 scrolls of fog {unknown}
 m - a scroll of noise {unknown}
 q - a scroll of teleportation {unknown}
 t - a scroll of remove curse {unknown}
Potions
 d - 2 potions of might {unknown}
 l - a potion of mutation {unknown}
 n - a potion of berserk rage {unknown}
 p - a potion of degeneration {unknown}
 r - a potion of experience {unknown}


   Skills:
 + Level 5.9 Fighting
 + Level 4.5 Polearms
 + Level 9.1 Bows
 - Level 1.3 Dodging
 - Level 0.4 Stealth


You had 7 spell levels left.
You didn't know any spells.
Your spell library was empty.

Dungeon Overview and Level Annotations

Branches:
Dungeon (6/15)             Temple (0/1) D:4

Altars:
Dithmenos
Fedhas
Gozag
Makhleb
Okawaru
Sif Muna
Wu Jian

Annotations:
D:1 rf
D:2 Sigmund
D:6 3 runed translucent doors, TrebMcFLY's ghost, novice OpFi


Innate Abilities, Weirdness & Mutations

You have hooves in place of feet.
Armour fits poorly on your strangely shaped body.
You cover ground very quickly.
You have extremely tough skin. (AC +3)


Message History

Press: ? - help, Shift-Dir - straight line, f/p - crimson imp
Aim: a crimson imp (severely wounded)
You shoot an arrow. The arrow hits the crimson imp!
You kill the crimson imp!
You feel your dexterity returning.
No reachable target in view!
The big kobold becomes distracted by the nearby gold, dreaming of imaginary riches.
The big kobold is no longer distracted by gold.
Q - 74 arrows (gained 1)
You now have 431 gold pieces (gained 3).
Q - 77 arrows (gained 3)
Q - 78 arrows (gained 1)
You are starving!
You need to eat something NOW!
You need to eat something NOW!
You aren't carrying any food.
Okay, then.
You have 431 gold pieces.
Okay, then.
Are you sure you want to abandon this character and quit the game? (Confirm with "yes".)

.. ......
.#.#####.....##
(......(.......
.............#
..(.......#..##..##
.........(...##...
##........##.....# .#
.....(.@.(##.....# .#
##....(...##.....####.#
..........##..........#
##..#.....##..........#
... #.....##..........#
..#####...##..........#
. #P⌠K##..............#
...KK#....##........#
..###K+..............#


You could see a big kobold.

Vanquished Creatures
  Edmund (D:4)
  A sky beast (D:6)
  A phantom (D:4)
  2 centaurs (D:5)
  A scorpion (D:6)
  A howler monkey (D:6)
  2 crimson imps
  A quasit (D:6)
  A jelly (D:5)
  2 orc priests (D:5)
  A hound (D:5)
  3 orc wizards (D:5)
  5 worker ants
  2 adders
  4 gnolls (D:4)
  A shadow imp (D:5)
  An adder skeleton (D:4)
  A worm (D:4)
  6 orcs
  2 giant cockroaches
  5 goblins
  9 hobgoblins
  6 jackals
  6 kobolds
  2 quokkas (D:4)
  8 bats (D:1)
  2 frilled lizards
  A leopard gecko skeleton (D:5)
  A quokka zombie (D:6)
  5 rats
84 creatures vanquished.

Vanquished Creatures (others)
  A leopard gecko (D:1)
  A fungus (D:6)
2 creatures vanquished.

Grand Total: 86 creatures vanquished

Notes
Turn   | Place    | Note
-------+----------+-------------------------------------------
     0 | D:1      | mortelune the Centaur Hunter began the quest for the Orb.
     0 | D:1      | Reached XP level 1. HP: 17/17 MP: 1/1
   197 | D:1      | Reached XP level 2. HP: 21/25 MP: 2/2
  1075 | D:2      | Noticed Sigmund
  1344 | D:2      | Reached skill level 6 in Bows
  1369 | D:2      | Found a burning altar of Makhleb.
  1371 | D:2      | Found a shadowy altar of Dithmenos.
  1371 | D:2      | Found an ornate altar of the Wu Jian Council.
  1512 | D:2      | Reached XP level 3. HP: 30/30 MP: 3/3
  1744 | D:3      | You fall into a shaft and drop 2 floors!
  1744 | D:5      | Entered Level 5 of the Dungeon
  1744 | D:5      | Found an opulent altar of Gozag.
  1783 | D:5      | Became a worshipper of Gozag Ym Sagoz the Greedy
  2513 | D:3      | Found an iron altar of Okawaru.
  2566 | D:3      | Found a blossoming altar of Fedhas.
  2852 | D:4      | Found a staircase to the Ecumenical Temple.
  2877 | D:4      | Reached skill level 1 in Polearms
  2877 | D:4      | Reached XP level 4. HP: 21/38 MP: 4/4
  3049 | D:4      | Noticed a phantom
  3071 | D:4      | Killed a phantom
  3071 | D:4      | Reached XP level 5. HP: 35/46 MP: 5/5
  3149 | D:4      | Reached skill level 7 in Bows
  3343 | D:4      | Reached XP level 6. HP: 49/52 MP: 6/6
  3740 | D:4      | Noticed Edmund
  3758 | D:4      | Killed Edmund
  4060 | D:5      | Reached XP level 7. HP: 49/60 MP: 7/7
  4148 | D:5      | Reached skill level 8 in Bows
  4206 | D:5      | Reached skill level 5 in Fighting
  4465 | D:5      | Found a shimmering blue altar of Sif Muna.
  5400 | D:6      | Reached skill level 9 in Bows
  5400 | D:6      | Reached XP level 8. HP: 18/70 MP: 8/8
  5659 | D:6      | Found a runed translucent gate.
  5659 | D:6      | Found a runed translucent gate.
  5659 | D:6      | Found a runed translucent gate.
  5667 | D:6      | Noticed TrebMcFLY's ghost (novice OpFi)
  5668 | D:6      | Noticed a kobold demonologist
  5729 | D:6      | Quit the game

Levels and vault maps discovered:
D:1:      onia_arrival_mini_spirals, layout_loops_ring, lemuel_flame_loot_1
D:2:      layout_basic, grunt_temple_overflow_open, uniq_sigmund
D:3:      layout_loops_ring, fedhas_altar_4, first_ration, minivault_14,
          okawaru_ov_weapons_minmay
D:4:      layout_rooms, minmay_temple_entry_tees, st_stairs_10, uniq_edmund
D:5:      layout_loops_ring, kennysheep_little_box, led_sif_book,
          corner_web_ring, grunt_gozag_breadcrumbs, uniq_pikel
D:6:      layout_basic, lemuel_doored_altar, gammafunk_ghost_nasty_kobolds

Skill      XL: |  1  2  3  4  5  6  7 |
---------------+----------------------+-----
Bows           | 6 7 9 |  9.1
Fighting       | 3 4 5 |  5.9
Polearms       | 1 2 3 4 |  4.5
Dodging        | |  1.3
Stealth        | |  0.4

Action                   |  1- 3 |  4- 6 |  7- 9 || total
-------------------------+-------+-------+-------++-------
Melee: Short sword       |    93 |       |       ||    93
       Kick              |    17 |       |    14 ||    31
       Spear             |    32 |       |    54 ||    86
 Fire: Shortbow          |    62 |   121 |   104 ||   287
Invok: Potion Petition   |     1 |       |       ||     1
  Use: Potion            |     2 |       |       ||     2
  Eat: Ration            |     1 |     1 |     1 ||     3
Armor: Leather armour    |    57 |     6 |    34 ||    97
Dodge: Dodged            |    67 |    12 |    37 ||   116

Table legend:
 A = Non-vault XP
 B = Vault XP
 C = Vault XP percentage of total XP
 D = Non-vault monster count
 E = Vault monster count
 F = Vault count percentage of total count
                 A         B        C        D         E       F
            +---------+---------+-------+---------+---------+-------
      Total |    1157 |     416 |  26.4 |      78 |       6 |   7.1
            +---------+---------+-------+---------+---------+-------
        D:1 |      35 |       0 |   0.0 |      23 |       0 |   0.0
        D:2 |      10 |       0 |   0.0 |       7 |       0 |   0.0
        D:3 |      28 |       0 |   0.0 |       9 |       0 |   0.0
        D:4 |     230 |     341 |  59.7 |      18 |       4 |  18.2
        D:5 |     501 |      75 |  13.0 |      15 |       2 |  11.8
        D:6 |     353 |       0 |   0.0 |       6 |       0 |   0.0
            +---------+---------+-------+---------+---------+-------
